 Dungeon Sprint DCSS version 0.21.1-1-g345015f (webtiles) character file.

50 doot the Ducker (level 3, -1/33 HPs)
             Began as a Draconian Warper on June 7, 2018.
             Slain by a jumping spider (5 damage)
             ... in the Dungeon (Sprint V: "Ziggurat Sprint").
             The game lasted 00:00:51 (52 turns).

doot the Ducker (Draconian Warper)                    Turns: 52, Time: 00:00:52

Health: -1/33      AC:  5    Str: 25    XL:     3   Next: 55%
Magic:  4/8        EV: 13    Int: 13    God:
Gold:   0          SH:  0    Dex: 11    Spells: 9/9 levels left

rFire    . . .     SeeInvis +   b - +9 heavy crossbow "Sniper" {velocity, Acc+∞ SInv}
rCold    . . .     Gourm    .   (shield currently unavailable)
rNeg     . . .     Faith    .   (armour unavailable)
rPois    .         Spirit   .   (helmet restricted)
rElec    .         Reflect  .   (no cloak)
rCorr    .         Harm     .   (no gloves)
MR       .....     NoTele   +   (no boots)
Stlth    +.........             (no amulet)
HPRegen  0.11/turn              K - +6 ring of strength
MPRegen  0.11/turn              L - +6 ring of strength

@: no status effects
A: unfitting armour, cold-blooded, AC +5
a: no special abilities


You were in the Dungeon.
You were not hungry.

You visited 1 branch

Inventory:

Hand Weapons
 a - the +10 dark maul {crush}
   (You found it in the Dungeon)

   It inflicts extra damage upon your enemies.
 b - the +9 heavy crossbow "Sniper" (weapon) {velocity, Acc+∞ SInv}
   (You found it in the Dungeon)

   Any bolt fired from it inflicts extra damage.
   It lets you see invisible.
Missiles
 c - 5 tomahawks of dispersal
 q - 998 bolts (quivered)
Armour
 j - a +5 crystal plate armour
 k - +5 fire dragon scales
 l - +5 gold dragon scales
 m - +5 ice dragon scales
 n - a +5 plate armour
 o - +5 shadow dragon scales
 p - +5 storm dragon scales
Jewellery
 G - a +6 ring of dexterity
 H - a +6 ring of dexterity
 I - a +6 ring of intelligence
 J - a +6 ring of intelligence
 K - a +6 ring of strength (left hand)
 L - a +6 ring of strength (right hand)
Wands
 y - a wand of disintegration (7)
 E - a wand of iceblast (7)
 F - a wand of acid (7)
Scrolls
 r - 4 scrolls of amnesia
 s - 7 scrolls of fog
 t - a scroll of holy word
 u - 5 scrolls of identify
 v - 5 scrolls of remove curse
 w - 2 scrolls of fear
 O - 5 scrolls of blinking
Potions
 e - 10 potions of curing
 f - 10 potions of heal wounds
 g - 6 potions of haste
 h - 7 potions of magic
 i - 3 potions of berserk rage
 x - 2 potions of brilliance
 z - 2 potions of invisibility
 A - 4 potions of resistance
 B - a potion of experience
 C - 5 potions of agility
 D - 5 potions of might
Books
 N - a book of Spatial Translocations

   Spells                             Type                      Level
   a - Blink                          Translocation                2
   b - Shroud of Golubria             Charms/Translocation         2
   c - Lesser Beckoning               Translocation                3
   d - Gell's Gravitas                Translocation                3
   e - Teleport Other                 Translocation                3
   f - Passage of Golubria            Translocation                4
Miscellaneous
 M - a lightning rod (4/4)
Comestibles
 d - 7 rations


   Skills:
 + Level 3.8 Fighting
 + Level 1.2 Throwing
 + Level 4.2 Dodging
 + Level 3.5 Unarmed Combat
 + Level 3.8 Spellcasting
   Level 3.0 Translocations


You had 9 spell levels left.
You didn't know any spells.

Dungeon Overview and Level Annotations

Branches:
Dungeon (1/1)

Altars:
Ashenzari
Cheibriados
Dithmenos
Elyvilon
Fedhas
Gozag
Hepliaklqana
Kikubaaqudgha
Makhleb
Nemelex Xobeh
Okawaru
Qazlal
Ru
Sif Muna
Trog
Uskayaw
Vehumet
Wu Jian
Xom
Yredelemnul
Zin
The Shining One
Beogh
Jiyva
Lugonu

Annotations:
D 1 transporter


Innate Abilities, Weirdness & Mutations

Your plain brown scales are hard. (AC +5)
You cannot fit into any form of body armour.
You are cold-blooded and may be slowed by cold attacks.


Message History

Your experience leads to an increase in your attributes!
Your base attributes are Str 13, Int 13, Dex 10.
Increase (S)trength, (I)ntelligence, or (D)exterity?
You feel agile.
Your scales feel tougher.
The jumping spider leaps! x2; The jumping spider pounces on you.
The jumping spider bites you but does no damage.
The jumping spider pounces on you!!
Ouch! That really hurt!
The jumping spider bites you.
* * * LOW HITPOINT WARNING * * *
Firing (i - inventory. (,) - cycle):
q - 999 bolts (quivered)
Press: ? - help, Shift-Dir - straight line, f - jumping spider
Aim: a jumping spider You shoot a bolt.
The bolt hits the jumping spider!
The jumping spider is moderately wounded.
The jumping spider pounces on you but does no damage.
The jumping spider bites you.
* * * LOW HITPOINT WARNING * * *
The jumping spider pounces on you.
You die...

▓▓▓▓▓▓▓
▓.8©8.▓
▓.....▓
▓.).).▓
▓..(..▓
▓...s.▓
▓..@..▓
▓▓▓▓▓▓▓


You could see a jumping spider.

Vanquished Creatures
  A scorpion (D)
1 creature vanquished.

Notes
Turn   | Place    | Note
-------+----------+-------------------------------------------
     0 | D        | Found the +6 Majin-Bo {vamp, Archmagi MP+6 Int+6}
     0 | D        | Found the +7 great mace "Firestarter" {inner flame, rF++}
     0 | D        | doot the Draconian Warper began the quest for the Orb.
     0 | D        | Reached XP level 1. HP: 17/17 MP: 3/3
     3 | D        | Found a blossoming altar of Fedhas.
     4 | D        | Found a hazy altar of Hepliaklqana.
     4 | D        | Found a viscous altar of Jiyva.
     4 | D        | Found an opulent altar of Gozag.
     4 | D        | Found a transporter.
     4 | D        | Found an ancient bone altar of Kikubaaqudgha.
     8 | D        | Found a corrupted altar of Lugonu.
    10 | D        | Found a burning altar of Makhleb.
    11 | D        | Found a sacrificial altar of Ru.
    11 | D        | Found a stormy altar of Qazlal.
    11 | D        | Found a deep blue altar of Sif Muna.
    11 | D        | Found an iron altar of Okawaru.
    11 | D        | Found a bloodstained altar of Trog.
    11 | D        | Found a sparkling altar of Nemelex Xobeh.
    33 | D        | Found the +9 heavy crossbow "Sniper" {velocity, Acc+∞ SInv}
    33 | D        | Found the +10 dark maul {crush}
    33 | D        | Found the +15 Maxwell's patent armour {-Cast -Tele rElec MR+ rCorr}
    33 | D        | Found the +18 shield of the Gong {rElec rN+ MR+ EV-5}
    33 | D        | Found the cursed +14 obsidian axe {chop, +Fly SInv *Curse}
    50 | D        | Entered arena 2.
    50 | D        | Noticed a jumping spider
    50 | D        | Noticed a scorpion
    50 | D        | Found a transporter.
    51 | D        | Killed a scorpion
    51 | D        | Reached skill level 1 in Throwing
    51 | D        | Reached skill level 4 in Dodging
    51 | D        | Reached XP level 2. HP: 27/27 MP: 3/6
    51 | D        | Reached XP level 3. HP: 33/33 MP: 4/8
    52 | D        | Slain by a jumping spider

Skill      XL: |  1 |
---------------+----+-----
Fighting       | 3 |  3.8
Throwing       | 1 |  1.2
Dodging        | 4 |  4.2
Unarmed Combat | 3 |  3.5
Spellcasting   | 3 |  3.8
Translocations | |  3.0

Action                   || total
-------------------------++-------
 Fire: Heavy crossbow    ||     2
Armor: Skin              ||     2
